 Dungeon Crawl Stone Soup version 0.13.1-37-gb6f4c13 (webtiles) character file.

2183 RepoMan the Gusty (level 8, -11/52 HPs)
             Began as a Mummy Air Elementalist on Apr 4, 2014.
             Was a Follower of Okawaru.
             Mangled by Blork the orc
             ... wielding a +3,+4 great mace of protection
              (14 damage)
             ... on Level 6 of the Dungeon.
             The game lasted 01:03:39 (6465 turns).

RepoMan the Gusty (Mummy Air Elementalist)          Turns: 6465, Time: 01:03:39

HP -11/52        AC  7     Str 11      XL: 8   Next: 90%
MP  19/28        EV  9     Int 16      God: Okawaru [*.....]
Gold 317         SH  0     Dex 11      Spells:  3 memorised, 12 levels left

Res.Fire  : + + .   See Invis. : .   A - +2,+3 spear of Patterns {distort, rElec rF++ rC+ Dex-1}
Res.Cold  : + + .   Warding    : .   p - +2 elf ring mail {rF+}
Life Prot.: + + +   Conserve   : +   (no shield)
Res.Poison: +       Res.Corr.  : .   (no helmet)
Res.Elec. : +       Clarity    : .   (no cloak)
Sust.Abil.: . .     Spirit.Shd : .   (no gloves)
Res.Mut.  : .       Stasis     : .   (no boots)
Res.Rott. : +       Flight     : .   g - amulet of conservation
Saprovore : . . .                    (no ring)
                                     q - ring of magical power

@: somewhat resistant to hostile enchantments, very unstealthy
A: no food or potions, fire vulnerability, restore body, cold resistance 1, life
protection 3, poison resistance, torment resistance, unbreathing
a: Heroism, Renounce Religion


You were on level 6 of the Dungeon.
You worshipped Okawaru.
Okawaru was aware of your devotion.
You were not hungry.

You visited 2 branches of the dungeon, and saw 8 of its levels.

You collected 297 gold pieces.

Inventory:

Hand weapons
 t - a +0 blowgun
 A - the +2,+3 spear of Patterns (weapon) {distort, rElec rF++ rC+ Dex-1}
   (You found it on level 5 of the Dungeon)

   It warps and distorts space around it.
   Unwielding it can cause banishment or high damage.
   It affects your dexterity (-1).
   It greatly protects you from fire.
   It protects you from cold.
   It insulates you from electricity.
Missiles
 s - 14 poisoned needles
Armour
 p - a +2 elven ring mail of fire resistance (worn)
 y - a +1 elven buckler
Magical devices
 a - a wand of random effects (15)
Scrolls
 c - a scroll of amnesia
 d - 2 scrolls of remove curse
 e - a scroll of enchant weapon I
 f - 4 scrolls of identify
 h - a scroll of magic mapping
 i - a scroll of immolation {unknown}
 l - 3 scrolls of enchant armour
 o - 2 scrolls of teleportation
Jewellery
 g - an amulet of conservation (around neck)
 q - a ring of magical power (left hand)
Books
 b - a book of Air

   Spells                             Type                      Level
   *Shock                             Conjuration/Air              1
   *Swiftness                         Charms/Air                   2
   *Repel Missiles                    Charms/Air                   2
   Flight                             Charms/Air                   3
   Static Discharge                   Conjuration/Air              3
   Lightning Bolt                     Conjuration/Air              5


   Skills:
 - Level 2.4 Dodging
 - Level 1.5 Stealth
 + Level 5.3 Spellcasting
 + Level 4.4 Conjurations
 * Level 7.2 Air Magic


You had 12 spell levels left.
You knew the following spells:

 Your Spells              Type           Power        Failure   Level  Hunger
a - Shock                 Conj/Air       ###.         1%          1    N/A
b - Swiftness             Chrm/Air       ###.......   8%          2    N/A
r - Repel Missiles        Chrm/Air       ###.......   8%          2    N/A

Dungeon Overview and Level Annotations

Branches:
Dungeon (7/27)             Temple (1/1) D:6
    Orc: D:6-11

Altars:
Ashenzari
Elyvilon
Fedhas
Kikubaaqudgha
Makhleb
Okawaru
Sif Muna
Trog
Vehumet
Xom
Yredelemnul
Zin
the Shining One

Annotations:
D:5 Menkaure; dragonhide's ghost, average OgHu
D:6 Blork the orc


Innate Abilities, Weirdness & Mutations

You do not eat or drink.
Your flesh is vulnerable to fire.
Your flesh is cold resistant.
You are immune to negative energy.
Your system is resistant to poisons.
You are immune to unholy pain and torment.
You can survive without breathing.


Message History

Blork the orc hits you with a glowing great mace!
* * * LOW HITPOINT WARNING * * *
Blork the orc casts a spell at you. The magic dart hits you!
* * * LOW HITPOINT WARNING * * *
Press: ? - help, v - describe, . - travel
Here: Blork the orc, wielding a glowing great mace and wearing an orcish robe (almost dead, moving very quickly)
The floor.
Unknown command.
Unknown command.
Casting: Shock
Confirm with . or Enter, or press ? or * to list all spells.
Aiming: Shock
Press: ? - help, Shift-Dir - straight line The zap hits Blork the orc.
Blork the orc appears unharmed.
Blork the orc is almost dead.
The zap hits Blork the orc.
Blork the orc appears unharmed.
Blork the orc is almost dead.
Blork the orc hits you with a glowing great mace!
You die...

.##########.##(.....#
....................#
.##########.##......# .#
#.##......# .######
#.##......######## .##...#
#.##>#<#.........#
.##...#####.##.#.#.........#
.......%.........o.........#
.##...#####.##.#@######.####
.###.## #.##.#.# #.# .# #.#
#.##.#.# #.# ## #.# #.##.#.#
#.# #.# ###.##.#.# #.#
#.####...##.#.######.#
####....%.............#.#
...........≈≈≈≈≈.[......#
####.....≈≈≈≈≈≈≈≈≈......#


You could see Blork the orc.

Vanquished Creatures
  The ghost of dragonhide the Basher, an experienced OgHu of Trog (D:6)
  Eustachio (D:5)
  A hippogriff (D:6)
  An ice beast (D:5)
  3 ogres
  A phantom (D:4)
  The ghost of dragonhide the Chucker, a weakling OgHu (D:4)
  A crimson imp (D:5)
  4 orc wizards
  A centaur skeleton (D:5)
  3 scorpions
  3 hounds
  3 worker ants
  2 iguanas (D:5)
  2 orc priests
  An ogre zombie (D:5)
  7 adders
  A giant mite (D:4)
  A shadow imp (D:5)
  3 worms (D:5)
  2 grey rats (D:5)
  3 giant geckos
  28 orcs
  9 bats
  7 goblins
  10 hobgoblins
  A quokka (D:5)
  2 giant cockroaches (D:1)
  4 giant newts
  A giant newt skeleton (D:4)
  6 kobolds
  A kobold skeleton (D:5)
  7 rats
122 creatures vanquished.

Vanquished Creatures (others)
  A phantom (D:6)
  A scorpion (D:6)
2 creatures vanquished.

Grand Total: 124 creatures vanquished

Notes
Turn   | Place    | Note
--------------------------------------------------------------
     0 | D:1      | RepoMan, the Mummy Air Elementalist, began the quest for the Orb.
     0 | D:1      | Reached XP level 1. HP: 13/13 MP: 3/3
   453 | D:1      | Reached XP level 2. HP: 19/19 MP: 1/4
   460 | D:1      | Learned a level 2 spell: Swiftness
   974 | D:1      | Reached skill level 1 in Conjurations
  1260 | D:2      | Reached XP level 3. HP: 12/24 MP: 1/6
  2258 | D:3      | Found an ancient bone altar of Kikubaaqudgha.
  2330 | D:3      | Reached skill level 3 in Air Magic
  2342 | D:3      | Learned a level 2 spell: Repel Missiles
  2457 | D:3      | Reached XP level 4. HP: 26/30 MP: 1/7
  3320 | D:4      | Reached XP level 5. HP: 35/35 MP: 9/9
  3501 | D:4      | Noticed an ogre
  3527 | D:4      | Killed an ogre
  3527 | D:4      | Reached skill level 4 in Air Magic
  3527 | D:4      | Reached XP level 6. HP: 41/41 MP: 12/12
  3573 | D:4      | Noticed an ogre
  3649 | D:4      | Killed an ogre
  3770 | D:4      | Noticed dragonhide's ghost (weakling OgHu)
  3771 | D:4      | Found an iron altar of Okawaru.
  3778 | D:4      | Became a worshipper of Warmaster Okawaru
  4146 | D:4      | Killed dragonhide's ghost
  4373 | D:4      | Got a crude hand axe
  4387 | D:4      | Noticed a phantom
  4434 | D:4      | Killed a phantom
  4434 | D:4      | Reached XP level 7. HP: 42/46 MP: 3/14
  4562 | D:4      | Got an iridescent flail
  4594 | D:4      | Identified the flail of Grace {crush, rF- Dex+3 Curse} (You found it on level 4 of the Dungeon)
  4595 | D:4      | Identified the hand axe of the Dungeon {speed, +Rage} (You found it on level 4 of the Dungeon)
  4634 | D:5      | Entered Level 5 of the Dungeon
  4659 | D:5      | Reached skill level 5 in Air Magic
  4840 | D:5      | Noticed dragonhide's ghost (average OgHu)
  5100 | D:5      | Acquired Okawaru's first power
  5179 | D:5      | Reached skill level 6 in Air Magic
  5179 | D:5      | Reached XP level 8. HP: 21/52 MP: 10/18
  5460 | D:5      | Noticed Eustachio
  5480 | D:5      | Killed Eustachio
  5581 | D:5      | Got an encrusted spear
  5620 | D:5      | Noticed Menkaure
  5754 | D:4      | Identified the cursed spear of Patterns {distort, rElec rF++ rC+ Dex-1} (You found it on level 5 of the Dungeon)
  5866 | D:6      | Found a staircase to the Ecumenical Temple.
  6003 | D:6      | Noticed dragonhide's ghost (experienced OgHu)
  6018 | D:6      | Killed dragonhide's ghost
  6018 | D:6      | Reached skill level 5 in Spellcasting
  6018 | D:6      | Reached skill level 7 in Air Magic
  6063 | Temple   | Entered the Ecumenical Temple
  6387 | D:7      | Noticed Blork the orc
  6465 | D:6      | Mangled by Blork the orc

Action                   |  1- 3 |  4- 6 |  7- 9 || total
-------------------------+-------+-------+-------++-------
Melee: Unarmed           |    19 |     3 |       ||    22
       Falchion          |       |       |    28 ||    28
       Spear             |       |       |    19 ||    19
 Fire: Blowgun           |       |    19 |    43 ||    62
 Cast: Shock             |    60 |   105 |   138 ||   303
       Swiftness         |       |     6 |     3 ||     9
       Repel Missiles    |       |       |     1 ||     1
Evoke: Wand              |       |       |     4 ||     4
  Use: Scroll            |       |       |    16 ||    16
 Stab: Paralysed         |       |       |     3 ||     3
